AoeStats
← ikarus492

Black Forest

510729541Analyzed
3v3 RM · 1d ago on Oct 2, 2026· 71m 3s· 6 players
Game mode
Random Map
Map size
Normal (6 player)
Population
200
Speed
Normal
Resources
Standard
Victory
Conquest
Starting age
Dark Age
Ending age
Imperial Age
RankedLock teamsTeams togetherTeam positionsShared explorationLock speedFull tech treeHidden civsTurbo modeCheats
Victory
Defeat
🇬🇧 Bulgarians · United Kingdom
865
+15
🇦🇹 Ethiopians · Austria
784
+18
🇸🇬 Vietnamese · Singapore
778
+18
🇬🇧 Bohemians · United Kingdom
933
-21
🇳🇴 Mongols · Norway
910
-20
🇵🇱 Malians · Poland
663
-10
HUIJIAN
9:51 Loom
11:56 Feudal Age
12:56 Double-Bit Axe
13:13 Horse Collar
19:05 Castle Age
17:37 Stone Mining
17:43 Gold Mining
19:16 Wheelbarrow
20:19 Bow Saw
24:02 Heavy Plow
26:24 Stone Shaft Mining
26:38 Treadmill Crane
27:20 Ballistics
31:03 Imperial Age
29:13 Hand Cart
28:52 Fletching
29:03 Padded Archer Armor
28:28 Elite Skirmisher
29:51 Bodkin Arrow
30:12 Leather Archer Armor
30:56 Forging
30:52 Scale Barding Armor
32:12 Iron Casting
31:11 Imperial Skirmisher
31:55 Husbandry
32:05 Bloodlines
32:35 Bracer
33:40 Chemistry
32:53 Masonry
33:24 Murder Holes
34:02 Paper Money
34:22 Chatras
36:10 Two-Man Saw
35:45 Crop Rotation
35:50 Ring Archer Armor
35:41 Elite Rattan Archer
36:17 Pikeman
36:58 Squires
38:01 Chain Barding Armor
39:11 Elite Battle Elephant
41:24 Plate Barding Armor
40:50 Scale Mail Armor
41:52 Halberdier
43:48 Chain Mail Armor
47:56 Caravan
51:12 Plate Mail Armor
50:36 Arrowslits
50:58 Siege Engineers
ikarus492
0:30 Loom
19:07 Feudal Age
20:07 Horse Collar
27:55 Castle Age
25:42 Town Watch
25:58 Double-Bit Axe
26:28 Gold Mining
26:43 Stone Mining
29:45 Stone Shaft Mining
30:31 Gold Shaft Mining
33:53 Bow Saw
34:53 Scale Mail Armor
35:04 Forging
34:45 Arson
43:13 Iron Casting
42:54 Chain Mail Armor
49:50 Imperial Age
51:00 Conscription
50:02 Elite Shotel Warrior
HighTowerM8
0:27 Loom
12:27 Feudal Age
12:58 Double-Bit Axe
12:57 Horse Collar
13:15 Fishing Lines
22:01 Castle Age
20:39 Stone Mining
20:51 Gold Mining
24:10 Gillnets
25:01 Wheelbarrow
24:32 Heavy Plow
25:13 Stone Shaft Mining
25:17 Gold Shaft Mining
26:23 Hand Cart
28:34 Bow Saw
34:33 Imperial Age
32:10 Stirrups
32:27 Forging
32:23 Scale Barding Armor
32:18 Scale Mail Armor
32:10 Fletching
35:07 Iron Casting
34:48 Chain Mail Armor
34:53 Chain Barding Armor
34:29 Bodkin Arrow
34:38 Gambesons
34:54 Squires
34:39 Arson
35:07 Bloodlines
34:58 Husbandry
36:18 Blast Furnace
35:25 Caravan
36:38 Town Watch
37:16 Conscription
39:53 Chemistry
38:50 Murder Holes
38:28 Elite Konnik
39:37 Light Cavalry
40:25 Siege Engineers
40:31 Masonry
40:42 Ballistics
40:36 Clinker Construction
39:49 Pikeman
41:44 Bagains
41:50 Bracer
42:20 Plate Mail Armor
42:26 Plate Barding Armor
41:52 Padded Archer Armor
42:49 Crop Rotation
53:12 Hussar
61:08 Town Patrol
realpuledi
9:47 Loom
12:45 Feudal Age
16:48 Castle Age
14:53 Horse Collar
16:45 Double-Bit Axe
17:46 Bow Saw
17:41 Heavy Plow
18:34 Bow Saw
27:20 Wheelbarrow
26:31 Town Watch
31:44 Imperial Age
30:20 Masonry
31:14 Chemistry
30:52 Fletching
31:05 Scale Mail Armor
30:26 Pikeman
31:07 Squires
33:09 Chain Mail Armor
33:54 Forging
34:00 Chain Mail Armor
33:08 Halberdier
35:08 Coinage
35:22 Caravan
35:46 Wagenburg Tactics
35:50 Elite Hussite Wagon
36:36 Houfnice
39:28 Elite Skirmisher
splashii
1:23 Loom
11:13 Feudal Age
16:29 Double-Bit Axe
18:00 Fishing Lines
25:32 Castle Age
25:54 Fishing Lines
32:05 Fortified Wall
37:55 Imperial Age
39:00 Heavy Camel Rider
39:53 Bloodlines
39:44 Husbandry
40:05 Forging
40:01 Scale Barding Armor
40:51 Conscription
40:34 Farimba
41:16 Hoardings
44:42 Chain Barding Armor
44:58 Iron Casting
45:59 Plate Barding Armor
46:47 Pikeman
47:27 Squires
47:13 Arson
48:47 Gold Mining
49:31 Elite Gbeto
50:26 Cavalier
Prebzz93
2:52 Loom
12:58 Feudal Age
17:30 Castle Age
15:49 Double-Bit Axe
16:07 Horse Collar
19:17 Fishing Lines
21:40 Gillnets
23:22 Bow Saw
24:48 Stone Mining
26:59 Wheelbarrow
27:11 Fletching
27:24 Scale Mail Armor
28:03 Stone Shaft Mining
27:19 Gold Mining
29:04 Hand Cart
29:10 Caravan
30:24 Gold Shaft Mining
30:57 Bodkin Arrow
31:15 Forging
32:45 Town Watch
35:42 Imperial Age
34:08 Coinage
34:55 Bloodlines
34:50 Husbandry
34:11 Light Cavalry
35:02 Thumb Ring
36:01 Iron Casting
35:41 Masonry
36:14 Ballistics
36:07 Fortified Wall
36:01 Hussar
36:46 Nomads
37:09 Conscription
37:59 Chemistry
37:42 Bracer
37:50 Capped Ram
38:35 Murder Holes
39:24 Hoardings
39:17 Elite Mangudai
40:16 Padded Archer Armor
41:17 Blast Furnace
41:22 Siege Engineers
42:17 Banking
42:06 Siege Ram
43:57 Leather Archer Armor
43:48 Scale Barding Armor
47:13 Parthian Tactics
47:15 Chain Barding Armor
51:54 Drill
Connection lost

Rejoining the realm…

Still unreachable

The connection could not be restored.

Session expired

The server has moved on; the page needs a fresh start.